 Dungeon Crawl Stone Soup version 0.27.1 (webtiles) character file.

Game seed: 7288699087546082700

19 Descartes the Scratcher (level 2, 0/12 HPs)
             Began as a Felid Wanderer on Aug 25, 2021.
             Slain by a kobold (1 damage)
             ... on level 2 of the Dungeon.
             The game lasted 00:01:20 (817 turns).

Descartes the Scratcher (Felid Wanderer)             Turns: 817, Time: 00:01:21

Health: 0/12       AC:  1    Str: 11    XL:     2   Next: 55%
Magic:  3/3        EV: 16    Int: 12    God:
Gold:   31         SH:  0    Dex: 13    Spells: 1/1 levels left
                                        Lives:  0   Deaths: 0

rFire    . . .     SeeInvis +     - Unarmed
rCold    . . .     Faith    .   (shield unavailable)
rNeg     . . .     Spirit   .   (armour unavailable)
rPois    .         Reflect  .   (helmet unavailable)
rElec    .         Harm     .   (cloak unavailable)
rCorr    .         Rampage  .   (gloves unavailable)
Will     .....                  (boots unavailable)
Stlth    ++........             (no amulet)
HPRegen  0.04/turn              (no ring)
MPRegen  0.08/turn              (no ring)

@: quick
A: very small, claws 1, fangs 3, see invisible, speed 1, shaggy fur 1, stealthy
paws, no weapons or thrown items, no armour, multi-lived
a: no special abilities


You were on level 2 of the Dungeon.
You visited 1 branch of the dungeon, and saw 2 of its levels.

You collected 31 gold pieces.

Inventory:

Missiles
 c - 32 stones
Scrolls
 a - 2 scrolls of blinking
 b - 4 scrolls of teleportation
 e - a scroll of immolation {unknown}
Potions
 d - a potion of degeneration {unknown}


   Skills:
 - Level 1.0 Fighting
 + Level 1.5 Dodging
 * Level 4.1 Stealth
 - Level 5.0 Unarmed Combat
 - Level 2.1 Evocations


You had one spell level left.
You didn't know any spells.
Your spell library contained the following spells:

 Spells                   Type           Power      Damage    Failure   Level
 Ozocubu's Armour         Ice            0%         N/A       69%         3
 Ozocubu's Refrigeration  Ice            0%         4d5       100%        7


Dungeon Overview and Level Annotations

Branches:
Dungeon (2/15)

Altars:


Innate Abilities, Weirdness & Mutations

You have sharp claws.
You have razor-sharp teeth.
You have supernaturally acute eyesight. (SInv)
You cover ground quickly. (Speed+)
You are covered in fur. (AC +1)
Your paws help you pounce on unaware monsters.
You are incapable of wielding weapons or throwing items.
You cannot wear armour.
You gain extra lives every three experience levels.


Message History

A kobold is nearby!
A kobold is nearby!
You closely miss the kobold.
The kobold shouts!
You claw the kobold.
The kobold is severely wounded.
The kobold barely misses you.
You barely miss the kobold.
The kobold is severely wounded.
The kobold hits you with a +0 whip.
You closely miss the kobold.
The kobold is severely wounded.
The kobold hits you with a +0 whip.
You closely miss the kobold.
The kobold is severely wounded.
The kobold closely misses you.
You barely miss the kobold.
The kobold is severely wounded.
The kobold hits you with a +0 whip.
* * * LOW HITPOINT WARNING * * *
You are too injured to fight recklessly!
You are too injured to fight recklessly!
You are too injured to fight recklessly!
You are too injured to fight recklessly!
You are too injured to fight recklessly!
You are too injured to fight recklessly!
A kobold is nearby!
You closely miss the kobold. Your bite misses the kobold.
The kobold is severely wounded.
The kobold hits you with a +0 whip.
* * * LOW HITPOINT WARNING * * *
You closely miss the kobold. Your claw misses the kobold.
The kobold is severely wounded.
The kobold completely misses you.
You barely miss the kobold.
The kobold is severely wounded.
You scratch the kobold but do no damage.
The kobold is severely wounded.
The kobold hits you with a +0 whip.
You die...

### ...### .
..# .....#.#
#.#
.....#.##.
#K#
..........
#@# .........
#.# ###
.......#
#.###.####...
.#..##.#
#............
.....#.##.
#####.##.....
##........
#.# ....
#...#.### #.#
..# ##...# #
#.# .#
.....#.# #.#
.


You could see a kobold.

Vanquished Creatures
  3 endoplasms
  A giant cockroach (D:1)
  5 goblins (D:1)
  A hobgoblin (D:1)
  4 ball pythons
  2 frilled lizards (D:1)
  A kobold (D:1)
  A rat (D:1)
18 creatures vanquished.

Notes
Turn   | Place    | Note
-------+----------+-------------------------------------------
     0 | D:1      | Descartes the Felid Wanderer began the quest for the Orb.
     0 | D:1      | Descartes set off with the following items: a scroll of
                  | blinking, 2 scrolls of teleportation
     0 | D:1      | Reached XP level 1. HP: 9/9 MP: 2/2
   152 | D:1      | Reached skill level 1 in Dodging
   158 | D:1      | Reached XP level 2. HP: 12/12 MP: 3/3
   817 | D:2      | Slain by a kobold

Illustrated notes

Levels and vault maps discovered:
D:1:      minmay_arrival_up_and_down, layout_rooms, feat_on_display
D:2:      cheibrodos_greedy_goblins, layout_basic, palyth_stone_intersect,
          lightli_corner_chamber

Skill      XL: |  1  2 |
---------------+-------+-----
Stealth        | 3 4 |  4.1
Dodging        | 1 |  1.5
Fighting       | |  1.0
Unarmed Combat | |  5.0
Evocations     | |  2.1

Action                   || total
-------------------------++-------
Melee: Unarmed           ||    40
       Punch             ||     2
       Bite              ||     1
 Stab: Sleeping          ||     4
Armor: Skin              ||     1
Dodge: Dodged            ||    18
